[Event "Khanty-Mansiysk FIDE GP (Women)"]
[Site "Khanty-Mansiysk"]
[Date "2014.04.14"]
[Round "5"]
[White "Girya, Olga"]
[Black "Ushenina, Anna"]
[Result "1/2-1/2"]
[ECO "D52"]
[WhiteElo "2450"]
[BlackElo "2501"]
[Annotator "ChessBase Website"]
[PlyCount "76"]
[EventDate "2014.04.09"]
[EventType "tourn"]
[EventRounds "11"]
[EventCountry "RUS"]
[EventCategory "10"]
[SourceTitle "CBM 160"]
[Source "ChessBase"]
[SourceDate "2014.05.15"]
[SourceVersion "1"]
[SourceVersionDate "2014.05.15"]
[SourceQuality "1"]
[TimeControl "40/5400+30:1800+30"]
[WhiteClock "1:30:00"]
[BlackClock "1:30:00"]

1. d4 d5 2. c4 c6 3. Nf3 Nf6 4. Nc3 e6 5. Bg5 Nbd7 6. e3 Qa5 7. cxd5 Nxd5 8.
Qd2 Bb4 9. Rc1 h6 10. Bh4 b6 11. Bd3 (
11. a3 Bxc3 12. bxc3 c5 13. c4 Qxd2+ 14. Nxd2 Ne7 15. f3 f5 16. Nb3 Ba6 17.
dxc5 Nxc5 18. Nxc5 bxc5 19. Bg3 O-O-O 20. Be2 Nc6 21. Rc2 e5 22. h4 g6 23. Kf2
Rhf8 24. f4 h5 25. fxe5 Rfe8 26. Rb1 Nxe5 27. Rcb2 Nd3+ 28. Bxd3 Rxd3 29. Rb8+
Kd7 30. Rxe8 Kxe8 31. Rb8+ Kd7 32. Ra8 Bxc4 33. Rxa7+ Kc6 34. a4 Rd2+ 35. Kf3
Bd5+ 36. Kf4 Rxg2 37. Ra6+ Kb7 38. Rxg6 c4 39. Rg5 c3 40. Be1 c2 {Moiseenko,A 
(2711)-Dreev,A (2668) Khanty-Mansiysk 2013 0-1}) 11... Ba6 12.
O-O O-O 13. Bxa6 Qxa6 14. Qe2 Qxe2 15. Nxe2 Rfc8 16. a3 $146 (16. Rfd1 f5
17. Bg3 Be7 18. Ne5 Nxe5 19. Bxe5 Kf7 20. Kf1 c5 21. dxc5 Bxc5 22. Nd4 Be7 23.
Ke2 Bf6 24. Bxf6 Kxf6 25. Nc6 Ne7 26. Nxe7 Kxe7 27. e4 Rxc1 28. Rxc1 Kd6 29.
Ke3 Rf8 30. f4 fxe4 31. Kxe4 Rf5 32. Rc3 Ra5 33. a3 Ra4+ 34. Ke3 e5 35. fxe5+
Kxe5 36. Rc7 Kf6 37. Rd7 h5 38. h3 g6 39. g3 Kf5 40. Kf3 a6 41. Rd6 b5 42. h4
Ra5 43. Rd5+ Ke6 44. Rc5 Ra4 45. Rc6+ Kf5 {Delchev,A (2629)-Danielian,E (2454)
Cento 2011 1/2-1/2}) 16... Bf8 17. Rc2 c5 18. Rfc1 a5 19. Nd2 b5 20. dxc5 Rxc5 21.
Nd4 b4 22. a4 Rxc2 23. Rxc2 Nc5 24. b3 e5 25. N4f3 f6 26. g4 Kf7 27. Kf1 Ke6 28. Ng1 Rd8 29. Ne2 Be7 30. e4 Nc3 31. f3 {[%emt 0:
04:24] Ushenina used the Cambridge Springs defense to equalize without
problems against Girya. Slowly, the Ukrainian player outplayed her opponent
and she obtained a winning position. However, when the time to strike came,
Ushenina again missed her chance (31..Nb1! instead of 31...Rf3?) and she was
unable to convert. This seems to be a constant in Ushenina's games this
tournament.} Rd3 $4 (31... Nb1) 32. Nc1 Rd7 33. Bf2 Nb7 34. Ne2 Rd3 35. Nc1 Rd7 36.
Ne2 Rd3 37. Nc1 Rd7 38. Ne2 Rd3 1/2-1/2

[Event "Metz op 31th"]
[Site "Metz"]
[Date "2013.07.25"]
[Round "8"]
[White "Hilverda, Alexander"]
[Black "Doluhanova, Evgeniya"]
[Result "1-0"]
[ECO "D52"]
[WhiteElo "2329"]
[BlackElo "2332"]
[Annotator "Metz Alekhine/Primel,D"]
[PlyCount "41"]
[EventDate "2013.04.20"]
[EventType "swiss"]
[EventRounds "9"]
[EventCountry "FRA"]
[SourceTitle "EXT 2016"]
[Source "ChessBase"]
[SourceDate "2015.10.08"]
[SourceVersion "1"]
[SourceVersionDate "2015.10.08"]
[SourceQuality "1"]
[TimeControl "40/5400:1800+30"]
[WhiteClock "1:30:00"]
[BlackClock "1:30:00"]

1. d4 d5 2. c4 e6 3. Nc3 c6 {Gardant l'option de jouer un stonewall} 4. Nf3 (4.
e4 dxe4 5. Nxe4 Bb4+ 6. Bd2 Qxd4 7. Bxb4 Qxe4+ 8. Be2 Na6 9. Ba5 f6 10. Nf3 b6
11. Nd2 Qf4 12. Bh5+ g6 13. Bf3 Qe5+ 14. Kf1 Qc7 15. Bc3 e5 16. Ne4 Kf7 $132 {
Maletin,P (2621)-Geller,J (2544) Moscow Aeroflot op-A 10th 2011 (4) 1/2}) 4...
Nf6 (4... f5 5. Bf4 Nf6 6. e3 Be7 7. Bd3 O-O 8. Qc2 Ne4 9. g4 (9. h3 Nd7 10. g4
Ndf6 11. O-O-O $36)) (4... dxc4) 5. Bg5 Nbd7 (5... h6 6. Bh4 dxc4 7. e4 g5 8.
Bg3 b5 9. Ne5 Nbd7) 6. e3 Qa5 {[%cal Gd5c4,Ga5g5,Gf6e4] La vieille variante de
Cambridge Springs} 7. cxd5 (7. Nd2 Ne4 (7... Bb4 $142 {Semble plus sain} 8. Qc2
O-O 9. Be2 {Ponomariov,R (2723)-Dreev,A (2710) ESP-chT CECLUB Honor 2011 (2) 1/
2-1/2}) 8. Ndxe4 dxe4 9. Bh4 (9. Bf4)) 7... exd5 (7... Nxd5 {L'alternative} 8.
Rc1 Nxc3 9. bxc3 Ba3 10. Rc2 b6 11. Bd3 Ba6 12. O-O Bxd3 13. Qxd3 O-O 14. Rb1
Rfe8 15. Bh4 Rac8 16. c4 Bd6 (16... Be7 17. Bxe7 Rxe7 18. e4) 17. Ng5 {
Moiseenko,A (2703)-Dreev,A (2679) Jakarta op 2013 (9) 1/2}) 8. Nd2 Ne4 (8...
Bb4 9. Qc2) 9. Ndxe4 dxe4 10. Bh4 Bb4 (10... Nb6 11. Be2 Nd5 12. O-O Nxc3 13.
bxc3 Bd6 14. c4 c5 15. Qc2 f5 16. dxc5 Qxc5 17. Bh5+ g6 18. Be2 O-O 19. Rab1
Qc7 20. Bg3 Bxg3 21. hxg3 Be6 22. c5 Rac8 23. Rfc1 Qf7 24. a4 Rc7 25. Qb2 Rfc8
26. Qd4 Qe7 27. Qe5 b6 28. g4 Rxc5 29. Rxc5 Rxc5 30. Qb8+ Rc8 31. Qe5 Rc5 32.
Qb8+ Rc8 33. Qe5 {1/2-1/2 (33) Vasilev,M (2473)-Heberla,B (2545) Plovdiv 2013})
11. Qc2 Nb6 12. Be2 Nd5 13. O-O $1 Bxc3 14. bxc3 Nxc3 15. Bc4 Be6 $2 $146 (
15... O-O $142 16. Rfc1 $32 Nb5 17. a4 {Hracek,Z (2510)-Handoko,E (2490)
Jakarta 1994 (8) 0-1}) 16. Bxe6 fxe6 17. f3 $1 exf3 $2 {
Avec un tel retard de développement, l'ouverture du centre est suicidaire.} (
17... O-O $8) 18. Rxf3 b5 $2 19. Raf1 $18 b4 20. Qf2 Qh5 21. Rf8+
1-0

[Event "FRA-chT Top 12"]
[Site "Drancy"]
[Date "2016.06.03"]
[Round "7.1"]
[White "Istratescu, Andrei"]
[Black "Duda, Jan Krzysztof"]
[Result "0-1"]
[ECO "D52"]
[WhiteElo "2592"]
[BlackElo "2666"]
[Annotator "RR"]
[PlyCount "125"]
[EventDate "2016.05.28"]
[EventType "team-tourn"]
[EventRounds "11"]
[EventCountry "FRA"]
[SourceTitle "CBM 172 Extra"]
[Source "ChessBase"]
[SourceDate "2016.06.21"]
[SourceVersion "1"]
[SourceVersionDate "2016.06.21"]
[SourceQuality "1"]
[WhiteTeam "Mulhouse Philidor"]
[BlackTeam "Bois Colombes"]
[WhiteTeamCountry "FRA"]
[BlackTeamCountry "FRA"]
[TimeControl "40/5400+30:1800+30"]

1. d4 {[%emt 0:00:00][%mdl 512] Prix de beauté de la ronde 7} d5 2. c4 c6 3. Nf3 Nf6 4. Nc3 e6 5. Bg5 Nbd7 6. cxd5 exd5 7. e3 Qa5 8. Bd3 Ne4 9. O-O $5 (9. Qc2) 9... Nxg5 (9... Nxc3
{L'acceptation du gambit est risquée} 10. bxc3 Qxc3 11. e4 dxe4
12. Re1 f5 13. Re3 $40 ) 10. Nxg5 Qd8 (10... Nf6 11. Qc2 h6 12. Nf3 Bd6 13. Rae1 O-O 14. Ne5 Bxe5 15.
dxe5 Nd7 16. f4 Nc5 17. Bh7+ Kh8 18. a3 g6 19. Bxg6 fxg6 20. Qxg6 Bf5 21. Qxh6+
Bh7 22. f5 Qc7 23. e6 Qe5 24. g4 Rg8 25. h3 Raf8 26. Kh1 Ne4 27. Nxe4 Qxe4+ 28.
Kh2 Rxf5 29. Rxf5 Qc2+ 30. Kh1 Qe4+ 31. Kh2 Qc2+ 32. Kh1 Qe4+ {1/2-1/2 (32)
Wagner,D (2583)-Bu,X (2724) Moscow 2016}) (10... Be7 11. f4 {Lautier,J (2638)
-Anic,D (2467) FRA-ch Prelim Gr-A 1999 (2) 1/2}) 11. f4 Nf6 12. Qc2 (12. e4 h6 13. Nxf7 $5 (13. Nf3) 13...
Kxf7 14. e5 g6 15. f5 $44 {Stupak,K (2567)-Wang,C (2500) Kolkata GM op 2nd
2015 (8) 1/2}) 12... g6 13. Rfe1 $146 (13.
Rae1 Bg7 14. Nf3 (14. e4) 14... O-O 15. f5 Ne8 16. Ne2 Nd6 17. Ng3 Qe7 18. Kh1
a5 19. e4 dxe4 20. Bxe4 Qd8 21. Bd3 a4 22. Ne5 Ra5 23. fxg6 hxg6 24. Bxg6 fxg6
25. Rxf8+ Kxf8 26. Rf1+ Kg8 27. Qxg6 Qe7 28. Ne4 Rxe5 29. dxe5 Nxe4 30. Qxe4 a3
31. b3 Be6 32. Re1 Qg5 33. h4 Qh5 34. Kh2 b5 35. Re3 Bd5 36. Qd4 Bh6 37. Re1
Bg5 38. Kg3 Be7 39. Rc1 Kh7 40. Re1 c5 41. Qg4 Qxg4+ 42. Kxg4 c4 {Salzmann,S 
(2156)-Wimmer,J (2264) LSS email 2011 0-1}) (13. e4 h6 14. Nxf7 Kxf7 15. e5 Ne4
16. Nxe4 dxe4 17. Bxe4 $44) 13... Bg7 14. b4 O-O 15. Nf3 Re8 16. h3 (16. Ne5) 16... Qd6 17. Rab1 Re7 18. Ne5 Be6 19. Qf2 Nd7 20. g4 f6 21. Nf3 Rae8 22. Qg3 Bf7 23. Kf2 a5 24. a3 b6 25. g5 axb4 26. axb4 fxg5 27. Qxg5 c5 28. Nb5 Qc6 29. bxc5 bxc5 30. Ne5 Nxe5 31. dxe5 Bxe5 $1 32.
fxe5 Rxe5 33. Qg3 (33. Qf4
$5 d4 34. exd4 Rxe1 35. Rxe1 Rf8 $13 ) 33... d4 34. e4 c4 35. Nxd4 Qf6+ 36. Qf3 Qh4+ 37. Qg3 Qxg3+ 38. Kxg3 cxd3 39. Rbd1 Bc4 40. Kf4 g5+ 41. Kf3 Rxe4 $1 42. Rxe4 Bd5 43. Ke3 Rxe4+ 44. Kxd3 Rh4 45. Rc1 Rxh3+ 46. Ke2 Rh4 $19 47. Nf5 Re4+ 48. Kd3 Re5 49. Ng3 Bf7 50. Kd4 Ra5 51. Rc7 Kg7 52. Rd7 Ra3 53. Ne4 h6 54. Nd6 Rf3 55. Ke4 Rf4+ 56. Ke5 Kg6 57. Ne4 Rf5+ 58. Kd4 h5 59. Rd6+ Kg7 60. Ng3 Rf3 61. Ne4 g4 62. Ke5 Bg6 63. Kd4 0-1

[Event "EU-ch 12th"]
[Site "Aix les Bains"]
[Date "2011.03.23"]
[Round "2"]
[White "Vuckovic, Bojan"]
[Black "Flear, Glenn C"]
[Result "1-0"]
[ECO "D52"]
[WhiteElo "2626"]
[BlackElo "2498"]
[Annotator "Schandorff,L"]
[PlyCount "81"]
[EventDate "2011.03.22"]
[EventType "swiss"]
[EventRounds "11"]
[EventCountry "FRA"]
[SourceTitle "CBM 142 Extra"]
[Source "ChessBase"]
[SourceDate "2011.06.27"]
[SourceVersion "1"]
[SourceVersionDate "2011.06.27"]
[SourceQuality "1"]
[TimeControl "40/5400+30:1800+30"]

1. d4 d5 2. c4 c6 3. Nf3 Nf6 4. Nc3 e6 5. Bg5 Nbd7 6. e3 Qa5 7. cxd5 Nxd5 8.
Qd2 N7b6 9. Bd3 Nxc3 10. bxc3 Nd5 11. O-O Qxc3 12. Qe2 Bd6 13. Nd2 {Activating
the knight. It heads for e4 or c4.'} Qa5 14. Nc4 Qc7 15. Nxd6+ Qxd6 16. Bh4 {
'The bishop goes to g3 from where it controls a long diagonal and exerts
pressure on Black's queenside.'} O-O 17. Rac1 (17. Bg3 {(Schandorff, Lars)
first is more normal, but probably it just leads to a transposition of moves.})
17... b6 18. Bg3 Qd7 19. Rfd1 {White centralises the rooks. We can already see
the pattern of the opening. For the pawn White will have a long-term
initiative. He has the bishop pair - especially the dark-squared one is strong
because it cannot be opposed - and a dynamic pawn centre - the move e3-e4 is
in the air. Black has trouble creating any counterplay at all.'} Bb7 (19... f5
20. e4 $1 Ne7 21. Be5 $14 {With a nice bishop} Bb7 22. Rc3 {Already White is
looking for a chance to launch a direct attack} Rad8 23. Bc2 fxe4 24. Ra3 a5
25. Rb3 b5 26. Bxe4 Nf5 27. Rc3 h6 28. f4 a4 29. g4 $1 {Here it comes} Ne7 30.
g5 Nf5 31. gxh6 Nxh6 32. Rg3 Rf7 33. Qh5 Nf5 34. Rdd3 {[%emt 0:33:28] 1-0
Mehlhorn,U (2183)-Drosson,F (2030)/GER email 2003/Corr}) 20. e4 $146 ({RR} 20.
Bb1 Rac8 21. Qd3 f5 22. e4 Ne7 23. f3 Ng6 24. Qb3 Kh8 25. a4 Ba6 26. a5 Bb5 27.
axb6 axb6 28. Bf2 Nf4 29. Kh1 Ne2 30. Rc2 c5 31. Rb2 Ba4 32. Qd3 Bxd1 33. Qxd1
Nc3 {0-1 Therrien,A (2246)-Flear,G (2508)/Sunningdale 2008/ EXT 2009 (33)})
20... Ne7 {90 Les Noirs avaient joué а tempo!} 21. Bc4 $14 {[%csl Rb7][%cal
Gd4d5,Gd1d7] 90  White has a lot of space for the pawn.'} Kh8 (21... Rfd8 22. h4 {Vuckovic}) 22. h4 $5 f5 $6 {[%emt 0:01:14]
Black wants to be active himself, but this merely weakens his position.'} 23.
h5 f4 24. Bh4 f3 25. gxf3 Ng8 26. Bg3 $16 Qe8 (26...
h6) (26... Rf6 27. Be5 Rh6 28. Kg2 Nf6 29. Rh1 Qf7 30. Qe3 Re8 31. Rh3 Rxh5 32.
Rxh5 Qxh5 33. Rh1 Qg6+ 34. Kf1 $13 {Vukovic inf 111}) 27. Kg2 $1 {[%cal Gd1h1]
58} Rd8 (27... Nf6 28. h6 $40) (27... Qxh5 28. Bxe6) 28. Qe3 h6 29. Rh1 Qf7 30. Be5 {[%emt 0:00:38] Nice
bishop again. Of course if Black plays f5 he loses control over e5. Obviously
this is a dream square for the bishop.} Nf6 31. Rh3 Kh7 32.
Rch1 Nd7 33. Bd6 $36 Rfe8
34. Rg3 c5 35. dxc5 Nxc5 36. Be5 {Back again.
The threats against g7 will quickly decide matters.} Rg8 37. Rg6 Rde8 38. Rh3
Nd7 39. Bxg7 Qxg7 (39... Rxg7 40. Qxh6+ Kg8 41. Rhg3) 40. Rxg7+ Rxg7+ 41. Rg3
1-0